 Dungeon Sprint DCSS version 0.27.1-2-g3b301248ec (webtiles) character file.

Game seed: 6587674083603901501

13715 boopmooplesden the Severer (level 11, -3/102 HPs)
             Began as a Minotaur Fighter on Sept 23, 2021.
             Was a High Priest of Okawaru.
             Slain by a manticore (10 damage)
             ... in the Dungeon (Sprint II: "The Violet Keep of Menkaure").
             The game lasted 00:12:44 (2385 turns).

boopmooplesden the Severer (Minotaur Fighter)       Turns: 2385, Time: 00:12:44

Health: -3/102     AC: 23    Str: 24    XL:     11   Next: 79%
Magic:  10/10      EV: 11    Int:  3    God:    Okawaru [*****.]
Gold:   350        SH: 16    Dex: 10    Spells: 10/10 levels left

rFire    + . .     SeeInvis +   l - +3 war axe
rCold    + . .     Faith    .   c - +0 kite shield
rNeg     + . .     Spirit   .   e - +3 plate armour "Daekider" {+Blink}
rPois    +         Reflect  .   r - +0 hat of Uzolyiluje {Rampage rN+}
rElec    +         Harm     +   x - scarf {harm}
rCorr    +         Rampage  +   o - +2 pair of gloves
Will     +....     Rnd*Rage +   i - +0 pair of boots Stlth ..........NoTele +
                                w - amulet of magic regeneration
HPRegen  0.27/turn              d - ring of see invisible
MPRegen  0.37/turn              s - ring of poison resistance

@: resistant, heroic, unable to read
A: horns 2, retaliatory headbutt, berserk 2, deformed body, dopey 1, frail 1,
low mp 2, strong-willed 1, inability to read while threatened
a: Renounce Religion, Evoke Blink, Heroism, Finesse


You were in the Dungeon.
You worshipped Okawaru.
Okawaru was extremely pleased with you.
You visited 1 branch You collected 1440 gold pieces.
You spent 1090 gold pieces at shops.

Inventory:

Hand Weapons
 a - a +0 war axe
 l - a +3 war axe (weapon)
Missiles
 f - 5 javelins (quivered)
Armour
 b - a +0 scale mail
 c - a +0 kite shield (worn)
 e - the +3 plate armour "Daekider" (worn) {+Blink}
   (You bought it in a shop in the Dungeon)

   +Blink:    It lets you blink.
 i - a +0 pair of boots (worn)
 k - a +0 pair of gloves
 o - a +2 pair of gloves (worn)
 r - the +0 hat of Uzolyiluje (worn) {Rampage rN+}
   (Okawaru gifted it to you in the Dungeon)

   rN:        It protects you from negative energy.
   Rampage:   It bestows one free step when moving towards enemies.
 x - a scarf of harm (worn)
Jewellery
 d - a ring of see invisible (left hand)
 s - a ring of poison resistance (right hand)
 w - an amulet of magic regeneration (around neck)
Scrolls
 j - 3 scrolls of blinking
 p - a scroll of immolation
 u - a scroll of identify
 v - a scroll of amnesia
Potions
 g - a potion of ambrosia
 h - 5 potions of magic
 m - a potion of haste
 n - a potion of brilliance
 t - 4 potions of flight
Miscellaneous
 y - a phantom mirror


   Skills:
 + Level 16.1(21.1) Fighting
 + Level 18.0(23.0) Axes
 + Level 16.6(21.6) Armour
 + Level 4.3(9.3) Dodging
 + Level 0.6(5.6) Stealth
 + Level 16.7(21.7) Shields
 + Level 4.0 Invocations
 + Level 1.7 Evocations


You had 10 spell levels left.
You didn't know any spells.
Your spell library contained the following spells:

 Spells                   Type           Power      Damage    Failure   Level
 Animate Skeleton         Necr           0%         N/A       97%         1
 Apportation              Tloc           0%         N/A       97%         1
 Corona                   Hex            0%         N/A       97%         1
 Summon Small Mammal      Summ           0%         N/A       97%         1
 Ignite Poison            Fire/Tmut/Pois 0%         N/A       100%        3
 Hailstorm                Conj/Ice       0%         3d3       100%        4
 Ice Form                 Ice/Tmut       0%         N/A       100%        4
 Alistair's Intoxication  Tmut/Pois      0%         N/A       100%        5
 Irradiate                Conj/Tmut      0%         3d14      100%        5
 Simulacrum               Ice/Necr       0%         N/A       100%        6
 Statue Form              Tmut/Erth      0%         N/A       100%        6


Dungeon Overview and Level Annotations

Branches:
Dungeon (1/1)

Altars:
Cheibriados
Dithmenos
Elyvilon
Fedhas
Gozag
Hepliaklqana
Kikubaaqudgha
Makhleb
Nemelex Xobeh
Okawaru
Qazlal
Ru
Sif Muna
Trog
Uskayaw
Vehumet
Wu Jian
Xom
Yredelemnul
Zin
The Shining One
Beogh
Jiyva
Lugonu

Shops:
D =::?[([[(!!==*:

Annotations:
D exclusion: oklob plant


Innate Abilities, Weirdness & Mutations

You have a pair of horns on your head.
You reflexively headbutt those who attack you in melee.
You often lose your temper in combat.
Armour fits poorly on your strangely shaped body.
You are dopey. (Int -2)
You are frail. (-10% HP)
Your magical capacity is very low. (-20% MP)
You are strong-willed. (Will+)
You sometimes lose the ability to read scrolls when taking damage.


Message History

The manticore bites you! You block the manticore's attack.
The manticore barely misses you.
You slice the manticore!!
You kill the manticore!
Okawaru accepts your kill.
You closely miss the hell hog.
You carefully extract the barbed spikes from your body.
You block the hell hog's attack.
Your base Fighting skill increases to level 16!
You barely miss the hell hog. You headbutt the hell hog!
The hell hog is lightly wounded.
The hell hog closely misses you.
You slice the hell hog!!
The hell hog is almost dead.
The hell hog breathes fire at you.
The fireball explodes!
The fireball engulfs you!!
The fireball engulfs the hell hog.
The hell hog resists.
You slice the hell hog!!
You kill the hell hog!
Okawaru is honoured by your kill.
Your base Axes skill increases to level 18!
Your Invocations skill increases to level 4!
You slash the manticore!
The manticore is moderately wounded.
You hit the manticore. You headbutt the manticore.
The manticore is heavily wounded.
You slash the manticore!
The manticore is heavily wounded.
You slash the manticore! The manticore bites you!
The manticore claws you but does no damage.
The manticore misses you.
The manticore bites you but does no damage.
You block the manticore's attack. The manticore claws you.
* * * LOW HITPOINT WARNING * * *
You feel protected. The manticore bites you!
* * * LOW HITPOINT WARNING * * *
The manticore claws you but does no damage. x2
The manticore bites you!
You die...

** *##########***********
*,
*.$$)$EH@.#,∩∩∩∩+,+,,***,
*$..).h#H.####***,****,,,
*+####*#'##..####+####,,,
*∩∩∩∩∩∩#..'.##≈≈§≈§≈§##⌠,
*∩∩∩∩∩∩#..###≈≈§§≈≈≈§§##,
*****####))'≈§§§≈.§≈§§§#*
*,,,*#...####§≈§§§≈§§≈##≈
*,,,,#.....≈##§§≈≈§§≈##,≈
############≈≈#+++#§§§##**


You could see an iron elemental, a hell hog and 2 manticores.

Vanquished Creatures
  A kraken (D)
  Kirke (D)
  Roxanne (D)
  A yaktaur captain (D)
  A centaur warrior (D)
  A hell hog (D)
  A skeletal warrior (D)
  An orange crystal statue (D)
  An elephant (D)
  A manticore (D)
  A yaktaur (D)
  A kobold demonologist (D)
  3 polar bears (D)
  A hornet (D)
  A blink frog (D)
  12 flying skulls (D)
  4 wyverns (D)
  4 neqoxecs (D)
  Menkaure (D)
  3 water moccasins (D)
  5 necrophages (D)
  4 scorpions (D)
  An iron imp (D)
  A spectral bat (D)
  A spectral quokka (D)
  4 tentacles (D)
57 creatures vanquished.

Vanquished Creatures (others)
  A water moccasin (D)
  18 tentacles (D)
19 creatures vanquished.

Grand Total: 76 creatures vanquished

Notes
Turn   | Place    | Note
-------+----------+-------------------------------------------
     0 | D        | boopmooplesden the Minotaur Fighter began the quest for the
                  | Orb.
     0 | D        | Reached XP level 1. HP: 19/19 MP: 0/0
     1 | D        | Noticed a necrophage
     1 | D        | Noticed a necrophage
     1 | D        | Noticed a necrophage
     1 | D        | Noticed a necrophage
     5 | D        | Killed a necrophage
     6 | D        | Reached skill level 4 in Axes
     6 | D        | Reached XP level 2. HP: 30/31 MP: 1/1
     6 | D        | Reached XP level 3. HP: 36/38 MP: 2/2
     6 | D        | Reached XP level 4. HP: 43/45 MP: 3/3
     7 | D        | Killed a necrophage
     8 | D        | Reached skill level 5 in Axes
     8 | D        | Reached XP level 5. HP: 51/53 MP: 4/4
    11 | D        | Killed a necrophage
    13 | D        | Killed a necrophage
    14 | D        | Reached skill level 6 in Axes
    14 | D        | Reached XP level 6. HP: 59/64 MP: 5/5
    19 | D        | Found Ciguwu Dodon's Distillery.
    19 | D        | Found Vaydoac's Jewellery Emporium.
    19 | D        | Found Elaugul's Weapon Shoppe.
    19 | D        | Found Junoah's Distillery.
    20 | D        | Found Qaimuif's Armour Shoppe.
    20 | D        | Found Eptiava's Book Emporium.
    20 | D        | Found Uwyafuvi's Jewellery Shoppe.
    20 | D        | Found Jariz's Assorted Antiques.
    21 | D        | Found Limikh's Antique Armour Shoppe.
    21 | D        | Found Geasyfokk's Antique Weapon Emporium.
    21 | D        | Noticed Menkaure
    21 | D        | Noticed a redback
    34 | D        | Killed Menkaure
    35 | D        | Reached skill level 10 in Fighting
    35 | D        | Reached skill level 7 in Axes
    35 | D        | Reached skill level 10 in Armour
    44 | D        | Noticed a wyvern
    44 | D        | Noticed a wyvern
    47 | D        | Killed a wyvern
    48 | D        | Reached skill level 10 in Shields
    48 | D        | Reached XP level 7. HP: 64/73 MP: 6/6
    53 | D        | Killed a wyvern
    54 | D        | Reached skill level 8 in Axes
    54 | D        | Reached skill level 1 in Dodging
   238 | D        | Reached skill level 9 in Axes
   542 | D        | Noticed a neqoxec
   542 | D        | Noticed a neqoxec
   544 | D        | Noticed a neqoxec
   548 | D        | Killed a neqoxec
   549 | D        | Reached XP level 8. HP: 83/83 MP: 7/7
   554 | D        | Reached skill level 10 in Axes
   555 | D        | Gained mutation: Your magical capacity is low. (-10% MP) [a
                  | neqoxec]
   557 | D        | Gained mutation: You are strong-willed. (Will+) [a neqoxec]
   569 | D        | Noticed an orange crystal statue
   591 | D        | Noticed a blink frog
   617 | D        | Found Teogynk's Antique Armour Emporium.
   617 | D        | Found Bilo's Magic Scroll Shoppe.
   617 | D        | Noticed an oklob plant
   618 | D        | Found Quesim's Book Shoppe.
   618 | D        | Found Pewnehaf's Book Shoppe.
   618 | D        | Found Kumm's Jewellery Emporium.
   619 | D        | Noticed a shining eye
   620 | D        | Noticed a shining eye
   620 | D        | Noticed a shining eye
   626 | D        | Killed a blink frog
   627 | D        | Reached skill level 11 in Axes
   641 | D        | Noticed a cane toad
   642 | D        | Bought the +3 plate armour "Daekider" {+Blink} for 520 gold
                  | pieces
   642 | D        | Bought a +0 pair of boots for 45 gold pieces
   659 | D        | Bought a pair of gloves for 76 gold pieces
   667 | D        | Bought a runed war axe for 169 gold pieces
   694 | D        | Found an iron altar of Okawaru.
   694 | D        | Found a radiant altar of Vehumet.
   694 | D        | Found a glowing silver altar of Zin.
   695 | D        | Found a sparkling altar of Nemelex Xobeh.
   695 | D        | Found a hide-covered altar of Uskayaw.
   696 | D        | Found an opulent altar of Gozag.
   696 | D        | Found a burning altar of Makhleb.
   696 | D        | Found a bloodstained altar of Trog.
   697 | D        | Found a blossoming altar of Fedhas.
   697 | D        | Found a corrupted altar of Lugonu.
   697 | D        | Found a basalt altar of Yredelemnul.
   697 | D        | Found a shimmering blue altar of Sif Muna.
   698 | D        | Found a white marble altar of Elyvilon.
   698 | D        | Found an ancient bone altar of Kikubaaqudgha.
   699 | D        | Found a shadowy altar of Dithmenos.
   699 | D        | Found a viscous altar of Jiyva.
   700 | D        | Found a snail-covered altar of Cheibriados.
   702 | D        | Found a shimmering altar of Xom.
   702 | D        | Found a sacrificial altar of Ru.
   702 | D        | Found a hazy altar of Hepliaklqana.
   702 | D        | Noticed a hornet
   702 | D        | Noticed a polar bear
   702 | D        | Noticed a polar bear
   703 | D        | Found a glowing golden altar of the Shining One.
   703 | D        | Found an ornate altar of the Wu Jian Council.
   703 | D        | Found a stormy altar of Qazlal.
   703 | D        | Noticed a yaktaur
   703 | D        | Noticed a polar bear
   704 | D        | Became a worshipper of Warmaster Okawaru
   721 | D        | Killed a hornet
   727 | D        | Killed a polar bear
   728 | D        | Reached XP level 9. HP: 68/92 MP: 7/7
   732 | D        | Killed a polar bear
   732 | D        | Reached * piety under Okawaru
   733 | D        | Reached skill level 12 in Axes
   737 | D        | Killed a polar bear
   743 | D        | Killed a yaktaur
   761 | D        | Noticed a kraken
   784 | D        | Reached ** piety under Okawaru
  1057 | D        | Found the +7 Singing Sword {vorpal, sonic wave}
  1190 | D        | Killed a kraken
  1190 | D        | Reached *** piety under Okawaru
  1191 | D        | Reached skill level 14 in Axes
  1191 | D        | Reached skill level 1 in Invocations
  1191 | D        | Reached XP level 10. HP: 24/103 MP: 6/8
  1516 | D        | Noticed an ice statue
  1579 | D        | Identified Roxanne's Incunabulum of Transformation
  1579 | D        | Noticed Roxanne
  1598 | D        | Killed Roxanne
  1598 | D        | Reached **** piety under Okawaru
  1599 | D        | Reached skill level 15 in Axes
  1599 | D        | Reached skill level 15 in Armour
  1619 | D        | HP: 4/104 [flying skull (2)]
  1636 | D        | Reached ***** piety under Okawaru
  1637 | D        | Reached skill level 15 in Shields
  1661 | D        | Reached XP level 11. HP: 32/111 MP: 6/10
  1664 | D        | Reached skill level 16 in Axes
  2006 | D        | Bought a ring of poison resistance for 280 gold pieces
  2053 | D        | Killed an orange crystal statue
  2058 | D        | Gained mutation: Armour fits poorly on your strangely
                  | shaped body. [mutagenic glow]
  2061 | D        | Noticed a centaur warrior
  2061 | D        | Noticed Kirke
  2061 | D        | Noticed a skeletal warrior
  2064 | D        | Noticed a yaktaur captain
  2070 | D        | Noticed a lindwurm
  2073 | D        | Killed Kirke
  2073 | D        | Identified the +0 hat of Uzolyiluje {Rampage rN+} (Okawaru
                  | gifted it to you in the Dungeon)
  2073 | D        | Received a gift from Okawaru
  2074 | D        | Reached skill level 15 in Fighting
  2074 | D        | Reached skill level 1 in Evocations
  2077 | D        | Gained mutation: You tend to lose your temper in combat.
                  | [mutagenic glow]
  2081 | D        | Killed a yaktaur captain
  2082 | D        | Reached skill level 17 in Axes
  2094 | D        | Killed a centaur warrior
  2094 | D        | Gained mutation: You are frail. (-10% HP) [mutagenic glow]
  2099 | D        | Noticed a soul eater
  2105 | D        | Killed a skeletal warrior
  2105 | D        | Gained mutation: You sometimes lose the ability to read
                  | scrolls when taking damage. [mutagenic glow]
  2126 | D        | Gained mutation: Your magical capacity is very low. (-20%
                  | MP) [mutagenic glow]
  2135 | D        | Gained mutation: You are dopey. (Int -2) [mutagenic glow]
  2145 | D        | Gained mutation: You often lose your temper in combat.
                  | [mutagenic glow]
  2372 | D        | Noticed a hell hog
  2372 | D        | Noticed a hell hog
  2372 | D        | Noticed an iron elemental
  2381 | D        | Killed a hell hog
  2382 | D        | Reached skill level 18 in Axes
  2385 | D        | Slain by a manticore

Illustrated notes

Levels and vault maps discovered:
D:        the_violet_keep_of_menkaure [sprint2_stairs_cluster_1,
          sprint2_shoproom, sprint2_temple, sprint2_basic_supplies,
          sprint2_obstacle_6, sprint2_obstacle_2, sprint2_obstacle_4,
          sprint2_obstacle_1, sprint2_obstacle_7, sprint2_timed_cluster_1,
          sprint2_smallroom_cluster_1, sprint2_smallroom_final_cluster_1,
          sprint2_transparent_cluster_1, sprint2_second_timed_cluster_1,
          sprint2_sniper_area_1, sprint2_heavy_combat_area_1,
          sprint2_mutation_trap_area_1, sprint2_forest_area_1,
          sprint2_light_combat_area_1, sprint2_behind_water_1,
          sprint2_near_end_vault_1]

Skill      XL: |  1  2  3  4  5  6  7  8  9 10 11 |
---------------+----------------------------------+-----
Fighting       | 6 8 9 10 11 12 14 16 | 16.1
Axes           | 4 5 6 7 9 11 14 15 18 | 18.0
Armour         | 6 8 9 10 11 12 14 15 16 | 16.6
Shields        | 6 7 9 10 11 12 14 15 16 | 16.7
Dodging        | 1 3 4 |  4.3
Invocations    | 1 2 4 |  4.0
Evocations     | 1 |  1.7
Stealth        | |  0.6

Action                   |  1- 3 |  4- 6 |  7- 9 | 10-12 || total
-------------------------+-------+-------+-------+-------++-------
Melee: War axe           |     3 |    14 |   142 |   138 ||   297
       Headbutt          |       |     5 |    28 |    30 ||    63
Invok: Heroism           |       |       |     2 |     7 ||     9
 Abil: Evoke Blink       |       |       |       |     1 ||     1
  Use: Potion            |     1 |       |     4 |     7 ||    12
       Scroll            |       |       |       |     6 ||     6
Armor: Scale mail        |     2 |     1 |     6 |       ||     9
       Plate armour      |       |       |    63 |    41 ||   104
Dodge: Dodged            |     1 |     2 |    44 |    28 ||    75
Block: Kite shield       |       |     9 |    83 |    72 ||   164
